AoeStats
← Picador Criminal Mutilador

Fortress

509262816Analyzed
4v4 RM · 8d ago on Sep 26, 2026· 98m 18s· 8 players
Game mode
Random Map
Map size
Huge
Population
200
Speed
Normal
Resources
Standard
Victory
Conquest
Starting age
Dark Age
Ending age
Imperial Age
RankedLock teamsTeams togetherTeam positionsShared explorationLock speedFull tech treeHidden civsTurbo modeCheats
Victory
Defeat
1106
+18
🇲🇽 Khmer · Mexico
1091
+19
🇲🇽 Franks · Mexico
1048
+20
🇲🇽 Celts · Mexico
1037
+21
🇹🇼 Cumans · Taiwan
1189
-21
🇨🇦 Britons · Canada
1153
-20
🇨🇳 Turks · China
1130
-19
🇦🇷 Franks · Argentina
1116
-18
CYJ8564
8:17 Feudal Age
12:08 Castle Age
10:17 Double-Bit Axe
11:45 Gold Mining
11:48 Stone Mining
13:07 Bow Saw
22:06 Wheelbarrow
21:26 Gold Mining
21:27 Stone Mining
25:06 Imperial Age
23:45 Forging
23:41 Scale Barding Armor
23:55 Husbandry
26:11 Chain Barding Armor
25:26 Cavalier
26:56 Gold Shaft Mining
27:04 Hand Cart
28:50 Conscription
29:43 Chivalry
32:13 Iron Casting
32:13 Plate Barding Armor
32:13 Paladin
33:46 Caravan
36:38 Blast Furnace
42:10 Coinage
47:33 Hoardings
47:10 Padded Archer Armor
47:01 Fletching
49:18 Chemistry
48:00 Treadmill Crane
49:00 Banking
48:54 Bodkin Arrow
49:15 Leather Archer Armor
53:36 Capped Ram
59:59 Loom
59:59 Town Watch
63:34 Ballistics
66:38 Scale Mail Armor
68:08 Chain Mail Armor
67:15 Pikeman
67:56 Squires
67:42 Gambesons
70:07 Halberdier
71:18 Plate Mail Armor
80:51 Elite Throwing Axeman
混元霹靂手
2:37 Loom
7:27 Feudal Age
9:05 Double-Bit Axe
14:23 Horse Collar
17:25 Castle Age
17:15 Wheelbarrow
19:53 Gold Mining
20:39 Forging
20:36 Scale Barding Armor
25:53 Imperial Age
23:47 Hand Cart
24:25 Gold Mining
24:52 Bloodlines
25:21 Iron Casting
25:06 Chain Barding Armor
24:52 Heavy Plow
25:06 Bow Saw
29:35 Blast Furnace
28:58 Chain Barding Armor
29:09 Elite Steppe Lancer
32:35 Gold Shaft Mining
32:18 Fletching
33:25 Plate Barding Armor
33:20 Bodkin Arrow
35:38 Chemistry
35:41 Ballistics
35:37 Steppe Husbandry
40:19 Murder Holes
42:42 Cuman Mercenaries
52:12 Caravan
53:07 Cavalier
54:01 Cavalier
55:41 Paladin
57:14 Fervor
57:24 Light Cavalry
57:24 Paladin
57:30 Paladin
63:38 Pikeman
64:19 Squires
64:04 Arson
64:26 Scale Mail Armor
66:20 Coinage
66:00 Guilds
67:42 Banking
68:57 Two-Man Saw
68:28 Crop Rotation
68:38 Halberdier
69:57 Chain Mail Armor
73:32 Plate Mail Armor
86:17 Elite Kipchak
91:29 Padded Archer Armor
Philippe6390
0:35 Loom
7:35 Feudal Age
8:03 Double-Bit Axe
8:00 Horse Collar
15:47 Castle Age
14:20 Gold Mining
15:46 Fletching
15:58 Padded Archer Armor
16:53 Bodkin Arrow
17:24 Bow Saw
17:18 Heavy Plow
20:48 Pikeman
22:47 Forging
27:23 Squires
30:45 Iron Casting
30:32 Stone Mining
31:32 Gold Shaft Mining
32:05 Wheelbarrow
32:04 Scale Mail Armor
35:05 Imperial Age
34:22 Hand Cart
35:25 Chain Mail Armor
37:09 Two-Man Saw
35:34 Halberdier
37:19 Blast Furnace
36:51 Plate Mail Armor
39:24 Conscription
40:57 Warwolf
41:47 Bracer
42:42 Man-at-Arms
44:11 Gambesons
44:24 Arson
44:31 Long Swordsman
45:37 Town Watch
45:43 Two-Handed Swordsman
46:45 Leather Archer Armor
46:53 Yeomen
45:55 Elite Longbowman
47:10 Hoardings
46:06 Sappers
46:19 Champion
48:47 Ballistics
48:23 Heated Shot
48:44 Masonry
48:14 Treadmill Crane
48:47 Scale Barding Armor
49:14 Ring Archer Armor
52:12 Architecture
58:27 Guilds
58:50 Coinage
60:23 Banking
60:10 Fortified Wall
60:08 Siege Engineers
59:58 Murder Holes
63:43 Chemistry
83:51 Scale Barding Armor
84:34 Town Patrol
85:57 Husbandry
87:22 Chain Barding Armor
86:24 Light Cavalry
86:29 Cavalier
88:09 Elite Skirmisher
93:59 Plate Barding Armor
菜鸟不是菜
9:38 Feudal Age
13:50 Castle Age
11:47 Gold Mining
11:45 Double-Bit Axe
18:05 Imperial Age
16:07 Bow Saw
18:20 Fletching
18:32 Padded Archer Armor
25:20 Bodkin Arrow
25:41 Leather Archer Armor
28:45 Bracer
33:00 Ring Archer Armor
36:20 Squires
36:06 Arson
38:56 Scale Mail Armor
42:58 Forging
43:04 Chain Mail Armor
42:47 Horse Collar
44:39 Iron Casting
45:24 Wheelbarrow
51:22 Plate Mail Armor
51:52 Blast Furnace
51:57 Ballistics
63:14 Husbandry
63:25 Bloodlines
63:27 Scale Barding Armor
74:07 Chain Barding Armor
79:53 Caravan
79:45 Heavy Camel Rider
Picador Criminal Mutilador
7:18 Feudal Age
11:50 Castle Age
10:27 Double-Bit Axe
10:23 Horse Collar
10:33 Loom
18:03 Wheelbarrow
17:14 Town Watch
25:36 Imperial Age
23:48 Hand Cart
24:29 Bow Saw
24:13 Gold Mining
24:36 Husbandry
24:58 Forging
25:16 Bloodlines
25:12 Scale Barding Armor
26:14 Iron Casting
26:28 Conscription
27:00 Chain Barding Armor
27:01 Elite War Elephant
29:26 Blast Furnace
29:51 Plate Barding Armor
30:32 Gold Shaft Mining
29:47 Stone Mining
30:20 Cavalier
30:23 Light Cavalry
31:02 Hussar
35:59 Two-Man Saw
35:39 Fletching
35:53 Scale Mail Armor
35:53 Padded Archer Armor
35:56 Caravan
36:28 Coinage
36:09 Guilds
36:39 Kamandaran
37:59 Devotion
40:19 Banking
41:01 Hoardings
45:53 Heavy Plow
45:15 Pikeman
45:41 Gambesons
45:56 Squires
45:41 Arson
45:55 Bodkin Arrow
46:15 Leather Archer Armor
46:16 Chain Mail Armor
47:03 Stone Shaft Mining
47:34 Ballistics
47:11 Murder Holes
48:18 Chemistry
47:30 Masonry
49:44 Ring Archer Armor
49:44 Plate Mail Armor
51:45 Town Patrol
53:10 Crop Rotation
57:22 Citadels
60:20 Architecture
59:42 Guard Tower
60:14 Sappers
60:06 Halberdier
Black Mamba
7:31 Feudal Age
12:11 Castle Age
10:23 Double-Bit Axe
13:31 Bow Saw
15:56 Loom
18:32 Wheelbarrow
18:12 Horse Collar
20:01 Wheelbarrow
19:19 Town Watch
20:52 Ballistics
24:38 Imperial Age
28:27 Chemistry
28:17 Conscription
28:59 Siege Engineers
33:13 Pikeman
52:25 Halberdier
53:14 Scale Mail Armor
53:24 Forging
56:11 Chain Mail Armor
56:57 Iron Casting
59:54 Heavy Scorpion
60:57 Elite Skirmisher
65:16 Caravan
66:24 Capped Ram
93:08 Siege Ram
94:14 Padded Archer Armor
94:05 Fletching
Pinhead Larry
0:29 Loom
7:03 Feudal Age
12:12 Castle Age
10:32 Double-Bit Axe
11:32 Gold Mining
11:32 Stone Mining
17:03 Fervor
18:36 Forging
18:33 Scale Barding Armor
24:41 Husbandry
25:39 Fletching
25:49 Padded Archer Armor
30:42 Light Cavalry
33:10 Ballistics
34:13 Squires
33:58 Gambesons
34:21 Pikeman
37:16 Scale Mail Armor
42:52 Imperial Age
41:15 Iron Casting
40:55 Chain Mail Armor
41:46 Chain Barding Armor
41:51 Arson
44:59 Wheelbarrow
44:09 Town Watch
43:51 Halberdier
48:27 Bow Saw
48:39 Fortified Wall
48:25 Murder Holes
50:15 Blast Furnace
49:45 Plate Mail Armor
50:01 Plate Mail Armor
52:30 Elite Throwing Axeman
54:12 Bodkin Arrow
55:36 Hand Cart
56:51 Hand Cart
58:56 Caravan
69:42 Gold Shaft Mining
72:03 Conscription
74:17 Plate Barding Armor
79:08 Chivalry
83:15 Chemistry
82:27 Masonry
82:23 Siege Engineers
92:44 Cavalier
94:25 Paladin
Kuriboh
0:41 Loom
7:10 Feudal Age
8:26 Double-Bit Axe
8:23 Horse Collar
16:56 Castle Age
16:11 Forging
16:07 Scale Barding Armor
17:00 Gold Mining
19:09 Light Cavalry
19:50 Husbandry
20:21 Bow Saw
25:27 Elite Skirmisher
26:29 Elite Skirmisher
27:04 Elite Skirmisher
28:29 Fletching
35:37 Ballistics
35:26 Bodkin Arrow
47:02 Imperial Age
59:16 Wheelbarrow
65:22 Hand Cart
69:10 Scale Mail Armor
69:46 Iron Casting
69:22 Hussar
70:01 Pikeman
77:45 Halberdier
80:46 Gambesons
80:46 Arson
89:48 Gambesons
95:03 Cavalier
96:16 Caravan
Connection lost

Rejoining the realm…

Still unreachable

The connection could not be restored.

Session expired

The server has moved on; the page needs a fresh start.